Map: Dusk Towers

Players

Gazouu

  • Race: Protoss Protoss
  • League: Silver

Gød - Winner!

  • Race: Terran Terran

VOD

Have the link to the VOD?

Description

Successful Six Rax build against Silver Player in Legacy of the Void from https://www.reddit.com/r/AllThingsTerran/comments/3t36zq/tve_mma_six_rax_lotv/

Time

  • Played on: Nov. 18, 2015, 5:53 a.m.
  • Length: 5:10
Show
View Real Time Build Order
Export as new Build Order

Gazouu Protoss 

Build Orders: 1 Gate Expand 

Get SALT Encoding   

  12  0:01  Probe (Chrono Boost)  
  13  0:11  Probe (Chrono Boost)  
  14  0:19  Pylon  
  14  0:27  Probe (Chrono Boost)  
  15  0:38  Probe (Chrono Boost), Gateway  
  16  0:49  Assimilator  
  16  0:51  Probe (Chrono Boost)  
  17  1:09  Probe (Chrono Boost)  
  18  1:21  Probe (Chrono Boost), Nexus  
  19  1:32  Probe (Chrono Boost)  
  20  1:34  Cybernetics Core  
  20  1:54  Assimilator  
  20  2:02  Pylon  
  20  2:12  Adept (Chrono Boost)  
  20  2:13  Warp Gate  
  22  2:27  Pylon  
  22  2:31  Probe  
  22  2:32  Probe  
  24  2:43  Probe x2  
  26  2:52  Stargate  
  26  2:53  Probe  
  26  2:55  Probe  
  28  3:04  Probe  
  28  3:05  Gateway  
  28  3:07  Probe  
  30  3:14  Probe  
  32  3:20  Probe  
  32  3:22  Adept (Chrono Boost)  
  32  3:25  Probe  
  36  3:35  Mothership Core (Chrono Boost)  
  37  3:43  Adept  
  38  4:29  Pylon  
  34  4:47  Stalker  
Show
View Real Time Build Order
Export as new Build Order

Gød Terran - Winner!

Build Orders:  

Get SALT Encoding   

  12  0:01  SCV  
  13  0:13  SCV  
  14  0:24  Supply Depot  
  14  0:25  SCV  
  15  0:46  SCV  
  15  0:47  Barracks  
  16  0:58  SCV  
  17  1:06  Barracks  
  17  1:10  SCV  
  18  1:33  SCV  
  18  1:35  Marine  
  18  1:37  Barracks  
  20  1:46  Orbital Command  
  20  1:59  Barracks x2  
  20  2:00  Marine  
  20  2:01  Marine  
  22  2:12  SCV  
  22  2:13  Supply Depot  
  23  2:19  Barracks  
  23  2:20  Marine  
  23  2:21  Marine  
  25  2:28  Marine  
  26  2:38  Marine  
  26  2:39  Marine  
  28  2:46  Marine x2  
  28  2:47  Marine  
  31  2:56  Supply Depot, Marine  
  31  2:57  Marine  
  33  3:04  Marine x2  
  33  3:05  Marine  
  36  3:07  Marine  
  37  3:14  Marine  
  37  3:15  Marine  
  38  3:22  Marine x2  
  38  3:23  Marine  
  41  3:27  Marine  
  41  3:32  Marine  
  41  3:33  Marine  
  44  3:38  Supply Depot  
  44  3:40  Marine  
  36  4:23  Marine x6  
  33  4:40  Marine x2  
  33  4:41  Marine x4  
Tags
 
Add a new tag
Caveats
  • Supply blocks, unpowered buildings, or Contaminate may cause inaccurate times.
  • Supply counts are checked every 10 seconds.